Map: Darkness Sanctuary LE

Players

Jardozer

  • Race: Zerg Zerg
  • League: Grandmaster
  • Spawn Location: 11:00

Starlord - Winner!

  • Race: Protoss Protoss
  • League: Grandmaster
  • Spawn Location: 1:00

VOD

Have the link to the VOD?

Description

Time

  • Played on: May 23, 2018, 10:36 p.m.
  • Length: 8:36
Show
View Real Time Build Order
Export as new Build Order

Jardozer Zerg 

Build Orders: Hatch First 

Get SALT Encoding   

  12  0:01  Drone  
  13  0:13  Overlord  
  13  0:18  Drone  
  14  0:32  Drone x2  
  16  0:35  Drone  
  17  0:54  Hatchery  
  17  0:56  Drone  
  17  0:59  Drone  
  18  1:10  Extractor  
  17  1:14  Spawning Pool  
  17  1:16  Drone  
  17  1:20  Drone  
  18  1:29  Drone  
  19  1:42  Drone  
  20  1:52  Drone  
  21  2:03  Queen, Roach Warren  
  22  2:09  Spine Crawler  
  22  2:10  Overlord  
  21  2:17  Hatchery  
  20  2:28  Drone x2  
  22  2:41  Overlord  
  22  2:50  Roach  
  24  2:55  Roach  
  24  2:57  Queen  
  28  3:06  Roach  
  28  3:11  Ravager  
  31  3:13  Roach  
  31  3:18  Ravager  
  34  3:33  Roach, Queen  
  38  3:45  Roach  
  40  3:48  Extractor  
  39  3:56  Drone  
  40  4:03  Ravager  
  39  4:15  Queen  
  39  4:20  Ravager  
  39  4:35  Roach x3  
  39  4:37  Zergling x2  
  44  4:40  Overlord  
  45  5:03  Ravager x2  
  47  5:13  Queen  
  47  5:22  Overlord x2  
  47  5:44  Ravager  
  47  5:45  Roach x3  
  54  6:03  Overlord x3  
  54  6:19  Overlord  
  54  6:21  Queen  
  54  6:23  Ravager  
  54  6:24  Ravager x2  
  54  7:00  Roach x3  
  54  7:01  Roach x2  
  62  7:06  Spine Crawler x2  
  60  7:09  Spine Crawler  
  60  7:11  Spore Crawler  
  56  7:17  Queen  
  58  7:25  Ravager  
  58  7:26  Ravager x2  
  56  7:37  Zergling x8  
  54  7:46  Ravager  
  53  7:53  Queen  
  51  8:14  Roach x2  
  51  8:15  Roach x2  
Show
View Real Time Build Order
Export as new Build Order

Starlord Protoss - Winner!

Build Orders:  

Get SALT Encoding   

  12  0:01  Probe  
  13  0:13  Probe  
  14  0:21  Pylon  
  14  0:25  Probe  
  15  0:35  Probe  
  16  0:43  Probe, Forge  
  17  1:02  Pylon  
  17  1:03  Probe  
  18  1:19  Probe  
  18  1:21  Photon Cannon  
  19  1:26  Gateway  
  19  1:28  Probe  
  19  1:32  Assimilator  
  20  1:37  Probe  
  20  1:42  Assimilator  
  20  1:46  Assimilator  
  21  1:53  Probe  
  22  2:03  Pylon  
  22  2:05  Probe  
  23  2:17  Probe  
  23  2:22  Cybernetics Core  
  23  2:30  Zealot  
  23  2:35  Photon Cannon  
  25  2:41  Probe  
  26  2:51  Stalker  
  26  2:56  Photon Cannon  
  26  3:04  Robotics Facility  
  28  3:14  Stalker, Shield Battery  
  28  3:20  Shield Battery  
  30  3:38  Shield Battery  
  30  3:57  Pylon  
  30  4:11  Immortal  
  30  4:14  Pylon, Photon Cannon  
  34  4:29  Stalker  
  36  4:34  Robotics Bay  
  36  4:41  Shield Battery  
  36  4:44  Warp Prism  
  38  5:04  Stalker  
  40  5:09  Pylon  
  40  5:11  Immortal  
  44  5:49  Disruptor  
  44  5:52  Robotics Facility  
  47  6:06  Shield Battery x2  
  47  6:19  Observer  
  47  6:21  Shield Battery x2  
  47  6:30  Observer  
  48  6:36  Disruptor  
  48  6:39  Disruptor  
  54  7:09  Pylon  
  54  7:10  Pylon  
  53  7:18  Observer  
  54  7:26  Disruptor  
  57  7:39  Disruptor  
  58  7:44  Nexus  
  56  7:57  Gateway  
  59  8:15  Observer  
Tags
 
Add a new tag
Caveats
  • Supply blocks, unpowered buildings, or Contaminate may cause inaccurate times.
  • Supply counts are checked every 10 seconds.